 Dungeon Crawl Stone Soup version 0.29.1-2-gbd0b4ee654 (webtiles) character file.

Game seed: 5394022006649796266

315 GeoRichter the Shooter (level 5, -25/41 HPs)
             Began as a Demigod Hunter on Nov 13, 2022.
             Killed by an exploding jackal (47 damage)
             ... ignited by their inner flame
             ... on level 4 of the Dungeon.
             The game lasted 00:04:39 (3683 turns).

GeoRichter the Shooter (Demigod Hunter)             Turns: 3683, Time: 00:04:40

Health: -25/41     AC:  5    Str: 12    XL:     5   Next: 99%
Magic:  7/7        EV: 11    Int: 11    God:
Gold:   178        SH:  0    Dex: 21    Spells: 4/4 levels left

rFire   . . .      SeeInvis .   a - +0 shortbow
rCold   . . .      Faith    .   (shield currently unavailable)
rNeg    . . .      Spirit   .   q - +0 ring mail
rPois   .          Reflect  .   (no helmet)
rElec   .          Harm     .   (no cloak)
rCorr   +          Rampage  .   (no gloves)
Will    .....                   (no boots)
Stlth   +.........              j - amulet of the acrobat
HPRegen 0.13/turn               d - ring of resist corrosion
MPRegen 0.10/turn               (no ring)

@: no status effects
A: high MP 1, forlorn, divine attributes
a: no special abilities


You were on level 4 of the Dungeon.
You visited 1 branch of the dungeon, and saw 4 of its levels.

You collected 178 gold pieces.

Inventory:

Hand Weapons
 a - a +0 shortbow (weapon)
Armour
 c - a +0 leather armour
 q - a +0 ring mail (worn)
   (You found it on level 3 of the Dungeon)
Jewellery
 d - a ring of resist corrosion (left hand)
   (You found it on level 1 of the Dungeon)
 j - an amulet of the acrobat (around neck)
   (You found it on level 2 of the Dungeon)
 r - a ring of magical power
   (You found it on level 4 of the Dungeon)
Scrolls
 b - a scroll of immolation {!r}
 f - a scroll of enchant weapon {unknown}
 h - 2 scrolls of enchant armour {unknown}
 i - 2 scrolls of teleportation {unknown}
 n - a scroll of fear {unknown}
 o - a scroll of identify {unknown}
 p - a scroll of acquirement {unknown}
Potions
 e - a potion of curing {unknown}
 g - a potion of attraction {unknown}
 k - a potion of haste {unknown}
 l - a potion of cancellation {unknown}
 m - 2 potions of brilliance {unknown}
 s - a potion of degeneration {unknown}


   Skills:
 - Level 1.7 Fighting
 * Level 6.9 Ranged Weapons
 - Level 1.7 Dodging
 - Level 0.8 Stealth


You had 4 spell levels left.
You didn't know any spells.
Your spell library contained the following spells:

 Spells                   Type           Power      Damage    Failure   Level
 Frozen Ramparts          Ice            0%         1d1       94%         3
 Ice Form                 Ice/Tmut       0%         N/A       100%        4
 Summon Ice Beast         Ice/Summ       0%         N/A       100%        4


Dungeon Overview and Level Annotations

Branches:
Dungeon (4/15) Zot: 20242
 Temple: D:4-7

Shops:
D:1 !


Innate Abilities, Weirdness & Mutations

You have an increased reservoir of magic. (+10% MP)
You shall have no god before yourself.
Your divine heritage dramatically boosts your attributes as you level up.


Message History

The jackal stops to sniff the ground.
The jackal completely misses you. The jackal attacks as you move away!
The jackal barely misses you. The jackal attacks as you move away!
The jackal completely misses you. x2
The jackal closely misses you. The jackal attacks as you move away!
The jackal misses you. The jackal attacks as you move away!
The jackal completely misses you. The jackal attacks as you move away!
The jackal completely misses you. x2
The jackal attacks as you move away! The jackal barely misses you.
The jackal attacks as you move away!
The jackal bites you but does no damage.
The jackal completely misses you. The jackal attacks as you move away!
The jackal completely misses you. The jackal attacks as you move away!
The jackal bites you. The jackal attacks as you move away!
The jackal completely misses you. The jackal bites you.
The jackal completely misses you. The jackal attacks as you move away!
The jackal completely misses you. The jackal attacks as you move away!
The jackal barely misses you. The jackal attacks as you move away!
The jackal completely misses you. x2
The jackal attacks as you move away! The jackal misses you.
The jackal attacks as you move away! The jackal closely misses you.
The jackal bites you but does no damage.
The jackal bites you but does no damage.
The jackal completely misses you. The jackal attacks as you move away!
The jackal completely misses you. The jackal attacks as you move away!
The jackal closely misses you. The jackal attacks as you move away!
The jackal bites you but does no damage.
The jackal attacks as you move away! The jackal closely misses you.
The jackal completely misses you. The jackal attacks as you move away!
The jackal completely misses you. The jackal bites you.
Really read
b - 2 scrolls of immolation {!r}?
Really read the scroll of immolation?
As you read the scroll of immolation {!r}, it crumbles to dust.
The creatures around you are filled with an inner flame!
The jackal bites you. The jackal closely misses you.
The jackal bites you but does no damage. x2
You shoot an arrow. The arrow closely misses the jackal.
The jackal bites you.
The jackal bites you but does no damage.
Fire: a) +0 shortbow
Aim: a jackal (heavily wounded, inner flame, 59% to hit)
You shoot an arrow. The arrow hits the jackal!
The jackal explodes!
The fiery explosion engulfs the ogre!!
The fiery explosion engulfs you!
The fiery explosion engulfs the jackal!!
The jackal explodes!
The fiery explosion engulfs you!!!
Ouch! That really hurt!
You die...

....)....####.............#.(..#≈
.).....#..##..............#.####≈
.#.÷...#..##......#.........# #≈
......##...#......##.......## #≈
......#............#...#..#######
..........................†.#...#
....##.............########......
...####.......§§##..#.....#......
....###.......§§@...#.###.#......
..............§§....#.#.#.#...##.
..............§§#...#.#.#........
.....####.##....#.###...#.#....).
..........#...###########.#######
..............#...........#.....#
..............#.###.#####.#.###.#
......##......#.#.#.#...#.#...#.#
#.#.......#.#.#.#.#.#.###†#####.#


There were no monsters in sight!

Vanquished Creatures
  An ogre (D:4)
  A scorpion (D:4)
  An orc priest (D:3)
  An iguana (D:4)
  6 gnolls
  3 adders
  3 worms
  A dart slug (D:4)
  3 orcs (D:3)
  5 endoplasms
  5 giant cockroaches
  7 goblins
  8 hobgoblins
  26 jackals
  3 quokkas
  9 ball pythons
  6 bats
  2 frilled lizards
  2 kobolds (D:3)
  4 rats
97 creatures vanquished.

Notes
Turn   | Place    | Note
-------+----------+-------------------------------------------
     0 | D:1      | GeoRichter the Demigod Hunter began the quest for the Orb.
     0 | D:1      | Reached XP level 1. HP: 17/17 MP: 3/3
    90 | D:1      | Found Mopteago's Distillery.
   130 | D:1      | Reached skill level 4 in Ranged Weapons
   272 | D:1      | Reached XP level 2. HP: 24/24 MP: 4/4
   948 | D:2      | Reached XP level 3. HP: 29/29 MP: 5/5
   964 | D:2      | Reached skill level 5 in Ranged Weapons
  1469 | D:2      | Reached XP level 4. HP: 16/36 MP: 6/6
  2333 | D:3      | Reached skill level 6 in Ranged Weapons
  2333 | D:3      | Reached XP level 5. HP: 41/41 MP: 7/7
  3659 | D:4      | Noticed an ogre
  3683 | D:4      | Killed an ogre
  3683 | D:4      | Killed by an exploding jackal... ignited by their inner
                  | flame

Illustrated notes

Levels and vault maps discovered:
D:1:      dreamdust_arrival_beginning_and_end, layout_basic, serial_shops,
          nicolae_shop_crystal, ebering_ecumenical_altar_rust
D:2:      layout_loops_cross, grunt_ministairs_2, skrybe_limestone_x,
          corexii_hall_statues_t
D:3:      layout_basic
D:4:      mumra_celtic_spiral_tile, layout_cave_pools,
          mainiacjoe_overflow_alcove_2, st_stairs_4, kennysheep_flooded_box

Skill      XL: |  1  2  3  4 |
---------------+-------------+-----
Ranged Weapons | 4 5 6 |  6.9
Fighting       | |  1.7
Dodging        | |  1.7
Stealth        | |  0.8

Action                   |  1- 3 |  4- 6 || total
-------------------------+-------+-------++-------
 Fire: Shortbow          |   104 |   146 ||   250
  Use: Scroll            |       |     1 ||     1
Armor: Leather armour    |    11 |     5 ||    16
       Ring mail         |       |    17 ||    17
Dodge: Dodged            |    33 |    75 ||   108
